 Dungeon Crawl Stone Soup version 0.23-a0-150-g7664ed78f7 (webtiles) character file.

125961 PikkenKukken the Slingshot (level 17, -6/82 HPs)
             Began as a Halfling Hunter on Sept 6, 2018.
             Was a High Priest of Okawaru.
             Mangled by a bone dragon (15 damage)
             ... on level 3 of the Abyss on Sept 7, 2018.
             The game lasted 01:00:33 (24756 turns).

PikkenKukken the Slingshot (Halfling Hunter)       Turns: 24756, Time: 01:00:35

Health: -6/82      AC: 15    Str: 11 (13) XL:     17   Next: 52%
Magic:  24/24      EV: 27    Int:  9      God:    Okawaru [*****.]
Gold:   2643       SH: 11    Dex: 21 (22) Spells: 24/26 levels left

rFire    . . .     SeeInvis +   a - +9 fustibalus (flame)
rCold    + . .     Gourm    .   T - +0 shield of the Lobster {*Drain rElec rCorr SInv}
rNeg     + + .     Faith    .   t - +2 troll leather armour
rPois    .         Spirit   .   d - +2 helmet of Purpose {+Inv rN++}
rElec    +         Reflect  .   q - +2 cloak
rCorr    +         Harm     .   m - +1 pair of gloves
MR       +....                  (no boots)
Stlth    +++++.....             g - amulet of regeneration
HPRegen  1.03/turn              n - ring of protection from cold
MPRegen  0.19/turn              v - ring of stealth

@: no status effects
A: small, [blurry vision 2], [deterioration 1], [frail 3], mutation resistance 1
a: Heroism, Finesse, Renounce Religion, Evoke Invisibility


You were on level 3 of the Abyss.
You worshipped Okawaru.
Okawaru was extremely pleased with you.
You were not hungry.

You visited 4 branches of the dungeon, and saw 23 of its levels.
You visited the Abyss 1 time.
You also visited: Ossuary and Ice Cave.

You collected 2989 gold pieces.
You spent 346 gold pieces at shops.

Inventory:

Hand Weapons
 a - a +9 fustibalus of flaming (weapon)
 b - the +4 hunting sling "Heafurub" {freeze, Str+6}
   (Okawaru gifted it to you on level 4 of the Lair of Beasts)

   It causes projectiles fired from it to freeze those they strike, causing
   extra injury to most foes and up to half again as much damage against
   particularly susceptible opponents.
   They can also slow down cold-blooded creatures.
   It affects your strength (+6).
 u - the +6 hunting sling "Cumy" {flame, Str+3}
   (Okawaru gifted it to you on level 1 of the Swamp)

   It causes projectiles fired from it to burn those they strike, causing extra
   injury to most foes and up to half again as much damage against particularly
   susceptible opponents.
   It affects your strength (+3).
Missiles
 e - 353 stones (quivered)
Armour
 d - the +2 helmet of Purpose (worn) {+Inv rN++}
   (You bought it in a shop on level 8 of the Dungeon)

   It greatly protects you from negative energy.
   It lets you turn invisible.
 m - a +1 pair of gloves (worn)
 q - a +2 cloak (worn)
 t - a +2 troll leather armour (worn)
 T - the +0 shield of the Lobster (worn) {*Drain rElec rCorr SInv}
   (You found it on level 6 of the Lair of Beasts)

   It insulates you from electricity.
   It lets you see invisible.
   It provides partial protection from all sources of acid and corrosion.
   It causes draining when unequipped.
 U - a +1 shield of protection
Jewellery
 g - an amulet of regeneration (around neck)
 h - a +6 ring of strength
 k - an uncursed amulet of magic regeneration
 n - a ring of protection from cold (left hand)
 v - a ring of stealth (right hand)
 y - an uncursed ring of resist corrosion
 R - an uncursed ring of see invisible
Wands
 w - a wand of disintegration (40)
 C - a wand of clouds (3)
 F - a wand of random effects (92)
 H - a wand of flame (68)
 O - a wand of paralysis (3)
 P - a wand of acid (8)
Scrolls
 l - 6 scrolls of remove curse
 x - 3 scrolls of enchant weapon
 B - 2 scrolls of amnesia
 E - a scroll of immolation {unknown}
 G - 2 scrolls of magic mapping
 L - 3 scrolls of blinking
 M - a scroll of teleportation
 N - 4 scrolls of identify
Potions
 i - 2 potions of haste
 j - 2 potions of flight
 o - 7 potions of curing
 p - a potion of cancellation
 r - 2 potions of agility
 s - 6 potions of lignification
 z - 4 potions of resistance
 A - a potion of ambrosia
 D - 2 potions of brilliance
 I - a potion of mutation
 J - a potion of magic
 K - a potion of invisibility
 Q - 3 potions of heal wounds
 S - 2 potions of berserk rage
Comestibles
 f - 43 rations


   Skills:
 + Level 11.6 Fighting
 * Level 22.7 Slings
 - Level 5.0 Armour
 * Level 15.3 Dodging
 - Level 8.1 Stealth
 + Level 6.4 Shields
 - Level 5.0 Spellcasting
 - Level 5.0 Charms
 - Level 10.0 Invocations


You had 24 spell levels left.
You knew the following spells:

 Your Spells              Type           Power        Failure   Level  Hunger
a - Song of Slaying       Chrm           ##......     24%         2    ##.....

Your spell library contained the following spells:

 Spells                   Type           Power        Failure   Level  Hunger
 Infusion                 Chrm           ##..         16%         1    #......
 Shroud of Golubria       Chrm/Tloc      #.........   54%         2    ##.....
 Animate Skeleton         Necr           N/A          77%         1    #......
 Apportation              Tloc           #.....       77%         1    #......
 Confusing Touch          Hex            #.....       77%         1    #......
 Flame Tongue             Conj/Fire      #....        77%         1    #......
 Magic Dart               Conj           #...         77%         1    #......
 Sandblast                Erth           #.....       77%         1    #......
 Summon Small Mammal      Summ           #...         77%         1    #......
 Regeneration             Chrm/Necr      #.........   78%         3    ###....
 Spectral Weapon          Hex/Chrm       #.......     78%         3    ###....
 Blink                    Tloc           N/A          88%         2    ##.....
 Call Imp                 Summ           #.......     88%         2    ##.....
 Passwall                 Tmut/Erth      #.......     88%         2    ##.....
 Slow                     Hex            #.......     88%         2    ##.....
 Throw Flame              Conj/Fire      #.....       88%         2    ##.....
 Call Canine Familiar     Summ           #.......     98%         3    ###....
 Conjure Flame            Conj/Fire      #.......     98%         3    ###....
 Ignite Poison            Fire/Tmut/Pois #.......     98%         3    ###....
 Inner Flame              Hex/Fire       #.......     98%         3    ###....
 Mephitic Cloud           Conj/Pois/Air  #.......     98%         3    ###....
 Stone Arrow              Conj/Erth      #.....       98%         3    ###....
 Summon Guardian Golem    Hex/Summ       #.......     98%         3    ###....
 Cause Fear               Hex            #.........   100%        4    #####..
 Petrify                  Tmut/Erth      #.......     100%        4    #####..
 Sticky Flame             Conj/Fire      #.......     100%        4    #####..
 Summon Ice Beast         Ice/Summ       #.......     100%        4    #####..
 Summon Lightning Spire   Summ/Air       #.......     100%        4    #####..
 Fireball                 Conj/Fire      #.........   100%        5    ######.
 Lee's Rapid Deconstruct  Erth           #.........   100%        5    ######.
 Bolt of Fire             Conj/Fire      #.........   100%        6    #######
 Dragon Form              Tmut           #.........   100%        7    #######
 Ring of Flames           Chrm/Fire      #.........   100%        7    #######
 Ignition                 Fire           #.........   100%        8    #######
 Dragon's Call            Summ           #.........   100%        9    #######


Dungeon Overview and Level Annotations

Branches:
Dungeon (12/15)            Temple (0/1) D:4            Lair (6/6) D:8
  Swamp (3/4) Lair:4        Snake (0/4) Lair:3        Slime (0/5) Lair:6
    Orc (2/2) D:9             Elf (0/3) Orc:2

Altars:
Ashenzari
Cheibriados
Dithmenos
Elyvilon
Fedhas
Gozag
Hepliaklqana
Kikubaaqudgha
Okawaru
Ru
Sif Muna
Uskayaw
Yredelemnul
Zin
Jiyva

Shops:
D:8 ?:[   Orc:2 %(}%

Annotations:
D:3 3 runed doors, Rrauwl's ghost, amateur FoFi


Innate Abilities, Weirdness & Mutations

You are small and have problems with some larger weapons.
You are somewhat resistant to further mutation.
[Scrolls take you longer to read.]
[Your body sometimes deteriorates upon taking damage.]
[You are extremely frail. (-30% HP)]


Message History

* * * LOW HITPOINT WARNING * * *
The bone dragon claws you.
* * * LOW HITPOINT WARNING * * *
The bone dragon tramples you but does no damage.
Firing (i - inventory)
e - 355 stones (quivered)
Press: ? - help, Shift-Dir - straight line, f/p - bone dragon
Aim: a bone dragon (heavily damaged)
You shoot a stone. The stone hits the bone dragon!
The stone burns the bone dragon.
The bone dragon is heavily damaged.
Firing (i - inventory)
e - 354 stones (quivered)
Press: ? - help, Shift-Dir - straight line, f/p - bone dragon
Aim: a bone dragon (heavily damaged)
You shoot a stone.
The stone hits the bone dragon but does no damage.
The bone dragon is heavily damaged.
The bone dragon bites you.
* * * LOW HITPOINT WARNING * * *
The bone dragon claws you!
You die...

.......
....... .....#
....#
.#######....##
.......(.....#
.......D....#
....(..@((.(#
.#######(...#
.(((# #(.(#
..(.# ...#(#
### (


You could see a bone dragon.

Vanquished Creatures
  Nikola (Swamp:2)
  A tentacled monstrosity (Swamp:3)
  A lich (Abyss:3)
  Gastronok (Lair:2)
  A storm dragon (D:12)
  Azrael (Orc:2)
  4 dire elephants (Lair:6)
  2 ettins
  Snorg (Lair:5)
  Josephine (D:11)
  2 ice dragons (IceCv)
  7 hydras
  Erica (Lair:2)
  A centaur warrior (D:12)
  A death knight (D:12)
  10 alligators
  An anaconda (Lair:6)
  17 death yaks
  14 two-headed ogres
  Urug (Lair:6)
  4 ogre magi (Orc:2)
  2 thrashing horrors (Abyss:3)
  2 orc high priests
  Nergalle (D:11)
  Sonja (Lair:1)
  A wretched star (Abyss:3)
  A fire crab (shapeshifter) (D:9)
  A shambling mangrove (Swamp:1)
  2 swamp dragons (Swamp:1)
  5 starcursed masses (Abyss:3)
  3 orc knights (Orc:2)
  2 phantasmal warriors (D:12)
  An orc sorcerer (Orc:1)
  An orb spider (Abyss:3)
  A cyclops (D:11)
  An ugly thing (D:10)
  14 elephants
  3 black mambas
  2 ice statues (IceCv)
  Maurice (Orc:1)
  A smoke demon (Abyss:3)
  A torpor snail (Lair:3)
  Psyche (D:11)
  18 spiny frogs
  5 rime drakes
  A kobold demonologist (D:12)
  10 komodo dragons
  A freezing wraith (D:12)
  A demonic crawler (Abyss:3)
  4 trolls
  2 polar bears (Lair:6)
  3 hornets
  19 blink frogs
  7 tyrant leeches
  Prince Ribbit (D:5)
  4 bog bodies
  A raiju (Abyss:3)
  3 slime creatures (Swamp:2)
  14 dream sheep
  4 flying skulls (Abyss:3)
  10 hippogriffs
  5 wraiths
  2 shadows
  A spriggan (Swamp:2)
  A water elemental (D:12)
  A ynoxinul (Abyss:3)
  31 yaks
  A vampire (D:12)
  2 wyverns
  4 hogs
  3 fire elementals (Orc:2)
  3 fire bats (Lair:1)
  A human (D:8)
  2 basilisks
  A chaos spawn (Abyss:3)
  19 vampire mosquitoes
  4 hungry ghosts
  An insubstantial wisp (Lair:2)
  4 wargs
  A naga (Lair:3)
  6 swamp worms
  13 water moccasins
  An acid dragon (D:12)
  2 hell hounds
  5 porcupines
  4 swamp drakes
  16 orc warriors
  6 sky beasts
  17 ice beasts
  An eye of draining (D:9)
  A black bear (Lair:6)
  32 ogres
  2 phantoms (D:9)
  6 wolves
  4 boggarts (Lair:6)
  10 centaurs
  10 crocodiles
  6 big kobolds
  14 bullfrogs
  A gnoll sergeant (D:7)
  3 small abominations (Abyss:3)
  A water moccasin zombie (D:5)
  2 scorpions
  5 killer bees (D:12)
  9 wights
  5 electric eels (D:12)
  A howler monkey (D:5)
  6 bullfrog zombies (Ossuary)
  6 crimson imps
  A quasit (Abyss:3)
  4 centaur zombies
  4 hounds
  Crazy Yiuf (D:5)
  10 orc priests
  2 bullfrog skeletons
  2 centaur skeletons
  3 iguanas
  16 orc wizards
  3 worker ants
  2 killer bee zombies (Ossuary)
  3 hound zombies
  2 hound skeletons
  A howler monkey zombie (Ossuary)
  15 mummies
  A worker ant zombie (Ossuary)
  14 gnolls
  16 adders
  2 shadow imps
  An ufetubus (Abyss:3)
  An ooze (D:6)
  3 adder skeletons
  3 adder zombies (Ossuary)
  A worm (D:2)
  2 dart slugs (D:1)
  6 leopard geckos
  67 orcs
  2 ball pythons
  13 giant cockroaches
  7 goblins
  8 hobgoblins
  20 jackals
  22 kobolds
  2 quokkas
  8 bats
  3 frilled lizards
  2 jackal skeletons
  A kobold zombie (D:6)
  A quokka skeleton (D:10)
  2 quokka zombies (Ossuary)
  12 rats
  A butterfly (Lair:4)
  A plant (Lair:6)
802 creatures vanquished.

Vanquished Creatures (others)
  A hornet (Swamp:1)
  2 slime creatures (Swamp:2)
  An iguana (D:5)
  An adder (D:5)
  13 fungi
  4 plants
  6 toadstools (D:6)
  A withered plant (Ossuary)
29 creatures vanquished.

Grand Total: 831 creatures vanquished

Notes
Turn   | Place    | Note
-------+----------+-------------------------------------------
     0 | D:1      | PikkenKukken the Halfling Hunter began the quest for the
                  | Orb.
     0 | D:1      | Reached XP level 1. HP: 14/14 MP: 1/1
    40 | D:1      | Reached skill level 6 in Slings
    51 | D:1      | Reached XP level 2. HP: 19/19 MP: 2/2
   357 | D:1      | Reached XP level 3. HP: 24/24 MP: 3/3
  1064 | D:2      | Reached XP level 4. HP: 30/30 MP: 4/4
  1124 | D:2      | Reached skill level 7 in Slings
  1619 | D:3      | Reached XP level 5. HP: 35/35 MP: 5/5
  1767 | D:3      | Found a runed gate.
  1767 | D:3      | Found a runed gate.
  1767 | D:3      | Found a runed gate.
  1914 | D:3      | Found an ancient bone altar of Kikubaaqudgha.
  2061 | D:3      | Reached skill level 8 in Slings
  2253 | D:3      | Noticed Rrauwl's ghost (amateur FoFi)
  2300 | D:3      | Found a shattered altar of Ashenzari.
  2385 | D:4      | Reached XP level 6. HP: 34/41 MP: 6/6
  2393 | D:4      | Found an iron altar of Okawaru.
  2516 | D:4      | Became a worshipper of Warmaster Okawaru
  3080 | D:4      | Noticed an ogre
  3086 | D:4      | Killed an ogre
  3086 | D:4      | Reached skill level 1 in Armour
  3086 | D:4      | Reached skill level 1 in Invocations
  3086 | D:4      | Reached XP level 7. HP: 46/46 MP: 7/7
  3225 | D:4      | Found a staircase to the Ecumenical Temple.
  3406 | D:4      | You fall through a shaft!
  3406 | D:5      | Entered Level 5 of the Dungeon
  3430 | D:5      | Reached skill level 9 in Slings
  3449 | D:5      | Reached * piety under Okawaru
  3616 | D:5      | Reached XP level 8. HP: 42/54 MP: 9/9
  3673 | D:5      | Reached skill level 10 in Slings
  3789 | D:5      | Reached ** piety under Okawaru
  3789 | D:5      | Reached skill level 5 in Dodging
  3815 | D:5      | Noticed Prince Ribbit
  3829 | D:5      | Killed Prince Ribbit
  3948 | D:5      | Found a runed door.
  3952 | D:5      | Noticed Crazy Yiuf
  3957 | D:5      | Killed Crazy Yiuf
  4342 | D:6      | Found a shadowy altar of Dithmenos.
  4346 | D:6      | Found a sacrificial altar of Ru.
  4374 | D:6      | Reached XP level 9. HP: 59/59 MP: 11/11
  4395 | D:6      | Reached skill level 11 in Slings
  4469 | D:6      | Reached *** piety under Okawaru
  4495 | D:6      | Found a runed door.
  4552 | D:6      | Found a basalt altar of Yredelemnul.
  4720 | D:6      | Found an opulent altar of Gozag.
  4988 | D:6      | Reached skill level 5 in Fighting
  5001 | D:6      | Noticed a slime creature
  5001 | D:6      | Noticed a slime creature
  5328 | D:7      | Noticed a hippogriff
  5336 | D:7      | Killed a hippogriff
  5336 | D:7      | Reached **** piety under Okawaru
  5336 | D:7      | Reached skill level 12 in Slings
  5435 | D:7      | Received a gift from Okawaru
  5534 | D:7      | Reached skill level 5 in Armour
  5534 | D:7      | Reached XP level 10. HP: 65/66 MP: 13/13
  5540 | D:7      | Reached skill level 5 in Invocations
  5740 | D:7      | Found a sand-covered staircase.
  5757 | Ossuary  | Entered an ossuary
  6075 | Ossuary  | Reached skill level 13 in Slings
  6415 | D:7      | Learned a level 2 spell: Song of Slaying
  6574 | D:7      | Found a deep blue altar of Sif Muna.
  6674 | D:8      | Found Ciuqex's Magic Scroll Shoppe.
  6674 | D:8      | Found Derik's Book Emporium.
  6689 | D:8      | Bought a scroll of identify for 22 gold pieces
  6689 | D:8      | Bought a scroll of identify for 22 gold pieces
  6689 | D:8      | Bought a scroll of identify for 22 gold pieces
  6692 | D:8      | Bought a scroll of teleportation for 33 gold pieces
  6714 | D:8      | Noticed a two-headed ogre
  6725 | D:8      | Killed a two-headed ogre
  6725 | D:8      | Reached ***** piety under Okawaru
  6862 | D:8      | Found a glowing silver altar of Zin.
  6864 | D:8      | Found a hazy altar of Hepliaklqana.
  6864 | D:8      | Found a white marble altar of Elyvilon.
  6865 | D:8      | Found a snail-covered altar of Cheibriados.
  6866 | D:8      | Found a hide-covered altar of Uskayaw.
  6868 | D:8      | Found a blossoming altar of Fedhas.
  6922 | D:8      | Found a staircase to the Lair.
  6925 | D:8      | Noticed a death yak
  6937 | D:8      | Noticed a death yak
  6938 | D:8      | Noticed a death yak
  6941 | D:8      | Killed a death yak
  6941 | D:8      | Received a gift from Okawaru
  6946 | D:8      | Noticed a death yak
  6967 | D:8      | Noticed a death yak
  6981 | D:8      | Killed a death yak
  6981 | D:8      | Received a gift from Okawaru
  6981 | D:8      | Reached skill level 14 in Slings
  6981 | D:8      | Reached XP level 11. HP: 49/74 MP: 9/15
  7114 | D:8      | Killed a death yak
  7114 | D:8      | Received a gift from Okawaru
  7147 | D:8      | Killed a death yak
  7147 | D:8      | Received a gift from Okawaru
  7164 | D:8      | Killed a death yak
  7164 | D:8      | Reached skill level 15 in Slings
  7356 | D:8      | Received a gift from Okawaru
  7367 | D:8      | Noticed a death yak
  7385 | D:8      | Killed a death yak
  7760 | D:8      | Found Nuos's Antique Armour Shop.
  7770 | D:8      | Bought an encrusted helmet for 247 gold pieces
  7780 | D:8      | Identified the +2 helmet of Purpose {+Inv rN++} (You bought
                  | it in a shop on level 8 of the Dungeon)
  7970 | D:9      | Noticed a fire crab
  7984 | D:9      | Killed a fire crab
  7984 | D:9      | Reached skill level 1 in Charms
  8253 | D:9      | Found a staircase to the Orcish Mines.
  8371 | D:9      | Reached skill level 1 in Spellcasting
  8820 | D:10     | Entered Level 10 of the Dungeon
  8824 | D:10     | Reached XP level 12. HP: 81/81 MP: 17/17
  9005 | D:10     | Noticed a two-headed ogre
  9014 | D:10     | Killed a two-headed ogre
  9014 | D:10     | Reached skill level 16 in Slings
  9447 | D:10     | Received a gift from Okawaru
  9716 | Lair:1   | Entered Level 1 of the Lair of Beasts
  9838 | Lair:1   | Noticed Sonja
  9842 | Lair:1   | Killed Sonja
  9912 | Lair:1   | Reached ****** piety under Okawaru
  9919 | Lair:1   | Received a gift from Okawaru
 10289 | Lair:1   | Found a dark tunnel.
 10638 | Lair:2   | Noticed Gastronok
 10648 | Lair:2   | Killed Gastronok
 10648 | Lair:2   | Received a gift from Okawaru
 10648 | Lair:2   | Reached skill level 17 in Slings
 10648 | Lair:2   | Reached XP level 13. HP: 88/88 MP: 11/19
 10876 | Lair:2   | Noticed Erica
 10895 | Lair:2   | Killed Erica
 10895 | Lair:2   | Reached skill level 10 in Dodging
 10963 | Lair:2   | Reached skill level 5 in Charms
 11428 | Lair:3   | Found a staircase to the Snake Pit.
 12660 | Lair:4   | Reached skill level 18 in Slings
 12772 | Lair:4   | Found a staircase to the Swamp.
 12905 | Lair:4   | Received a gift from Okawaru
 12977 | Lair:4   | Received a gift from Okawaru
 13515 | Lair:5   | Noticed a four-headed hydra
 13536 | Lair:5   | Received a gift from Okawaru
 13547 | Lair:4   | Reached skill level 10 in Invocations
 13737 | Lair:4   | Received a gift from Okawaru
 13737 | Lair:4   | Reached XP level 14. HP: 97/97 MP: 12/21
 13748 | Lair:4   | Got a smoking hunting sling {god gift}
 13749 | Lair:4   | Identified the +4 hunting sling "Heafurub" {freeze, Str+6}
                  | (Okawaru gifted it to you on level 4 of the Lair of Beasts)
 13801 | Lair:5   | Noticed Snorg
 13820 | Lair:5   | Killed Snorg
 14162 | Lair:5   | Reached skill level 19 in Slings
 14362 | Lair:5   | Received a gift from Okawaru
 14414 | Lair:5   | Reached skill level 5 in Spellcasting
 15199 | Orc:1    | Entered Level 1 of the Orcish Mines
 15207 | Orc:1    | Noticed Maurice
 15224 | Orc:1    | Killed Maurice
 15420 | Orc:1    | Received a gift from Okawaru
 15421 | Orc:1    | Paralysed by an orc sorcerer for 5 turns
 15888 | Lair:6   | Entered Level 6 of the Lair of Beasts
 15925 | Lair:6   | Found a viscous altar of Jiyva.
 15925 | Lair:6   | Found a staircase to the Slime Pits.
 15946 | Lair:6   | Found a frozen archway.
 15989 | IceCv    | Entered an ice cave
 16200 | IceCv    | Reached skill level 10 in Fighting
 16326 | IceCv    | Reached skill level 20 in Slings
 16349 | IceCv    | Got a heavily runed jade amulet
 16475 | IceCv    | Identified the amulet "Tekorica" {Acrobat +Inv MP+9 Str+7}
                  | (You found it in an ice cave)
 16602 | Lair:6   | Reached XP level 15. HP: 103/103 MP: 22/22
 17451 | Lair:6   | Noticed Urug
 17466 | Lair:6   | Killed Urug
 17466 | Lair:6   | Received a gift from Okawaru
 17959 | Lair:6   | Got a bloodstained shield
 17965 | Lair:6   | Identified the +0 shield of the Lobster {*Drain rElec rCorr
                  | SInv} (You found it on level 6 of the Lair of Beasts)
 18030 | Lair:6   | Reached skill level 5 in Stealth
 18141 | Lair:6   | Reached skill level 1 in Shields
 18383 | Orc:2    | Entered Level 2 of the Orcish Mines
 18712 | Orc:2    | Noticed Azrael
 18899 | Orc:2    | Received a gift from Okawaru
 18937 | Orc:2    | Killed Azrael
 18980 | Orc:2    | Found a staircase to the Elven Halls.
 19195 | Orc:2    | Reached skill level 21 in Slings
 19200 | Orc:2    | Received a gift from Okawaru
 19302 | Orc:2    | Received a gift from Okawaru
 19466 | Orc:2    | Reached XP level 16. HP: 111/111 MP: 23/23
 19536 | Orc:2    | Received a gift from Okawaru
 19540 | Orc:2    | Got a twisted chain mail {god gift}
 19551 | Orc:2    | Identified the +3 chain mail of Okawaru's Outrage {rElec
                  | Int+2} (Okawaru gifted it to you on level 2 of the Orcish
                  | Mines)
 19636 | Orc:2    | Found Exzim's Food Boutique.
 19644 | Orc:2    | Found Yseemp's Antique Weapon Shoppe.
 19719 | Orc:2    | Found Nerch's Gadget Shoppe.
 19719 | Orc:2    | Found Rygrud's Food Shop.
 20302 | D:11     | Noticed Psyche
 20310 | D:11     | Killed Psyche
 20325 | D:11     | Noticed Josephine
 20331 | D:11     | Killed Josephine
 20695 | D:11     | Noticed Nergalle
 20705 | D:11     | Killed Nergalle
 22025 | D:12     | Noticed a storm dragon
 22074 | D:12     | Killed a storm dragon
 22074 | D:12     | Received a gift from Okawaru
 22350 | Swamp:1  | Entered Level 1 of the Swamp
 22424 | Swamp:1  | Reached skill level 22 in Slings
 22495 | Swamp:1  | Reached skill level 5 in Shields
 22776 | Swamp:1  | Received a gift from Okawaru
 22779 | Swamp:1  | Got a pitted hunting sling {god gift}
 22780 | Swamp:1  | Identified the +6 hunting sling "Cumy" {flame, Str+3}
                  | (Okawaru gifted it to you on level 1 of the Swamp)
 23199 | Swamp:1  | Reached XP level 17. HP: 117/117 MP: 24/24
 23575 | Swamp:1  | Upgraded the game from 0.23-a0-143-g1adec7bb76 to
                  | 0.23-a0-150-g7664ed78f7
 23624 | Swamp:2  | Noticed Nikola
 23661 | Swamp:2  | Killed Nikola
 23699 | Swamp:2  | You fall through a shaft!
 23705 | Swamp:3  | Noticed a tentacled monstrosity
 23737 | Swamp:3  | Killed a tentacled monstrosity
 23737 | Swamp:3  | Received a gift from Okawaru
 23870 | Swamp:2  | Reached skill level 15 in Dodging
 24379 | Swamp:2  | Cast into level 3 of the Abyss (spriggan rider)
 24401 | Abyss:3  | Noticed a lich
 24414 | Abyss:3  | Killed a lich
 24442 | Abyss:3  | Noticed a tentacled starspawn
 24620 | Abyss:3  | Noticed a bone dragon
 24632 | Abyss:3  | Paralysed by accursed screaming for 1 turns
 24638 | Abyss:3  | Noticed a profane servitor
 24729 | Abyss:3  | Noticed a bone dragon
 24756 | Abyss:3  | Mangled by a bone dragon

Vault maps used:
D:1:      dpeg_arrival_arbitrary_b
D:2:      minivault_19, palyth_stone_intersect
D:3:      minmay_roachtagon, nicolae_overflow_hidden_temple,
          lemuel_doored_altar, first_ration, gammafunk_ghost_necromancy,
          hangedman_glass_teeth, kennysheep_generic_room_4
D:4:      okawaru_altar_gauntlet_db, minmay_temple_entry_glassed_door
D:5:      lemuel_flamethrower_2, uniq_prince_ribbit1, uniq_crazy_yiuf_cottage
D:6:      cheibrodos_fertilizer, grunt_gozag_breadcrumbs,
          chequers_temple_overflow_statue_of_worship, dk_yredelemnul_ordeal
D:7:      kennysheep_mini, gup_ossuary_entry_pyramid, hangedman_decor_points
D:8:      minitemple, dpeg_lair_monsters, serial_shops, shop, shop,
          nicolae_shop_overgrown_old_shop, grunt_livestock, nrook_pool_corridor,
          corexii_leaking_fountain
D:9:      david_orc_1_choice
D:11:     uniq_nergalle, uniq_psyche, uniq_josephine
D:12:     minmay_shrinking_squares, serial_bayou_lake_a
Lair:1:   nicolae_volcano_entry_batcave, uniq_sonja
Lair:2:   pond, grunt_megastairs_1, uniq_erica, uniq_gastronok
Lair:3:   guppyfry_snake_entry_island, serial_bayou_shore_a
Lair:4:   swamp_mist, beast_lair_carwin_10, lemuel_fruit_fields
Lair:5:   beast_lair_carwin_large_2, st_stairs_13, minmay_hedge_maze,
          lemuel_fruit_fields, serial_bayou_shore_b, uniq_snorg
Lair:6:   due_jungle_book, slime_altar_1, portal_ice_cave_rime,
          kilobyte_rumbling_trees, serial_bayou_shore_b, grunt_megastairs_4,
          uniq_urug
Swamp:1:  hangedman_swamp_ruin_hall
Swamp:2:  evilmike_swamp_ruin_house_4, uniq_nikola
Swamp:3:  nicolae_swamp_treefoil
Orc:1:    uniq_maurice
Orc:2:    st_orc_ogre_mass, statue_in_the_mist_lemuel, uniq_azrael
Abyss:3:  evilmike_abyss_exit_chaos, nicolae_abyss_rune_left_handed,
          minivault_11
Ossuary:  ossuary_zaba_flooded
IceCv:    ice_cave_small_dragons

Skill      XL: |  1  2  3  4  5  6  7  8  9 10 11 12 13 14 15 16 17 |
---------------+----------------------------------------------------+-----
Slings         | 6 7 8 9 10 12 14 15 17 18 20 21 22 | 22.7
Fighting       | 2 3 4 5 6 7 8 9 10 11 | 11.6
Dodging        | 3 4 5 6 7 9 10 12 13 14 15 | 15.3
Armour         | 1 2 3 5 |  5.0
Invocations    | 1 2 3 4 6 7 9 10 | 10.0
Charms         | 1 4 5 |  5.0
Spellcasting   | 1 2 4 5 |  5.0
Stealth        | 3 6 7 8 |  8.1
Shields        | 2 5 6 |  6.4

Action                   |  1- 3 |  4- 6 |  7- 9 | 10-12 | 13-15 | 16-18 || total
-------------------------+-------+-------+-------+-------+-------+-------++-------
Melee: Hunting sling     |       |       |     2 |       |       |       ||     2
 Fire: Hunting sling     |    67 |   158 |   372 |   606 |   783 |   455 ||  2441
       Fustibalus        |       |       |       |   225 |   595 |   729 ||  1549
 Cast: Song of Slaying   |       |       |       |       |     9 |       ||     9
Invok: Heroism           |       |       |       |     7 |    16 |     3 ||    26
       Finesse           |       |       |       |     5 |     9 |     3 ||    17
  Use: Scroll            |     4 |     2 |     5 |    14 |    13 |    12 ||    50
       Potion            |       |       |     1 |     2 |     3 |     7 ||    13
  Eat: Chunk             |       |     6 |     5 |    10 |    23 |     6 ||    50
       Ration            |       |       |     1 |     1 |     1 |     3 ||     6
Armor: Leather armour    |     4 |       |       |    29 |    72 |    14 ||   119
       Ring mail         |     4 |     7 |    46 |    15 |       |       ||    72
       Troll leather arm |       |       |       |       |       |    71 ||    71
Dodge: Dodged            |    12 |    26 |    77 |   167 |   459 |   455 ||  1196
Block: Shield            |       |       |       |       |    59 |   268 ||   327

Table legend:
 A = Non-vault XP
 B = Vault XP
 C = Vault XP percentage of total XP
 D = Non-vault monster count
 E = Vault monster count
 F = Vault count percentage of total count
                 A         B        C        D         E       F
            +---------+---------+-------+---------+---------+-------
      Total |  115008 |   64937 |  36.1 |     601 |     199 |  24.9
            +---------+---------+-------+---------+---------+-------
        D:1 |      38 |       0 |   0.0 |      22 |       0 |   0.0
        D:2 |      86 |       0 |   0.0 |      20 |       0 |   0.0
        D:3 |     113 |      18 |  13.7 |      29 |       9 |  23.7
        D:4 |     320 |      47 |  12.8 |      16 |       6 |  27.3
        D:5 |     953 |     309 |  24.5 |      36 |       2 |   5.3
        D:6 |     748 |     396 |  34.6 |      12 |       8 |  40.0
        D:7 |    1364 |     212 |  13.5 |      31 |       2 |   6.1
        D:8 |    1179 |    6112 |  83.8 |      19 |      10 |  34.5
        D:9 |    1915 |     641 |  25.1 |      24 |       9 |  27.3
       D:10 |    2974 |       0 |   0.0 |      19 |       0 |   0.0
       D:11 |    3750 |    2932 |  43.9 |      32 |       6 |  15.8
       D:12 |   10295 |    5631 |  35.4 |      59 |       6 |   9.2
     Lair:1 |    3512 |    1383 |  28.3 |      13 |       4 |  23.5
     Lair:2 |    4483 |    3935 |  46.7 |      19 |       6 |  24.0
     Lair:3 |    5384 |     163 |   2.9 |      15 |       1 |   6.2
     Lair:4 |    7418 |    1995 |  21.2 |      26 |       4 |  13.3
     Lair:5 |    8548 |    5671 |  39.9 |      28 |       7 |  20.0
     Lair:6 |   16036 |    7707 |  32.5 |      38 |      21 |  35.6
    Swamp:1 |   15017 |       0 |   0.0 |      34 |       0 |   0.0
    Swamp:2 |    5573 |    3444 |  38.2 |      17 |       1 |   5.6
    Swamp:3 |    4839 |       0 |   0.0 |       7 |       0 |   0.0
      Orc:1 |    2643 |    1510 |  36.4 |      24 |       3 |  11.1
      Orc:2 |    6840 |   16443 |  70.6 |      35 |      40 |  53.3
    Abyss:3 |   10980 |       0 |   0.0 |      26 |       0 |   0.0
    Ossuary |       0 |     957 | 100.0 |       0 |      34 | 100.0
      IceCv |       0 |    5431 | 100.0 |       0 |      20 | 100.0
            +---------+---------+-------+---------+---------+-------
